 Dungeon Crawl Stone Soup version 0.23-a0-151-gf6d1ed2 (webtiles) character file.

3398 mopl the Impaler (level 10, -1/70 HPs)
             Began as a Merfolk Abyssal Knight on Sept 7, 2018.
             Was a High Priest of Lugonu.
             Slain by a two-headed ogre
             ... wielding a +0 giant club
              (21 damage)
             ... on level 8 of the Dungeon.
             The game lasted 00:16:06 (7899 turns).

mopl the Impaler (Merfolk Abyssal Knight)           Turns: 7899, Time: 00:16:07

Health: -1/70      AC:  8    Str: 16    XL:     10   Next: 4%
Magic:  25/25      EV: 11    Int: 11    God:    Lugonu [*****.]
Gold:   428        SH:  0    Dex: 14    Spells: 9/9 levels left

rFire    . . .     SeeInvis .   y - +2 scythe (vamp)
rCold    + . .     Gourm    .   (shield currently unavailable)
rNeg     . . .     Faith    .   g - +0 ring mail
rPois    .         Spirit   .   (no helmet)
rElec    .         Reflect  .   A - +0 cloak
rCorr    .         Harm     .   (no gloves)
MR       .....                  z - +1 pair of boots
Stlth    +.........             f - amulet of regeneration
HPRegen  0.61/turn              e - ring of protection from cold
MPRegen  0.19/turn              q - ring of magical power

@: heavily drained
A: change form in water, swift swim, stealthy swim
a: Depart the Abyss, Bend Space, Banish, Corrupt, Enter the Abyss, Renounce
Religion


You were on level 8 of the Dungeon.
You worshipped Lugonu.
Lugonu was extremely pleased with you.
You were not hungry.

You visited 1 branch of the dungeon, and saw 8 of its levels.
You visited the Abyss 1 time.
You also visited: Sewer.

You collected 428 gold pieces.

Inventory:

Hand Weapons
 a - a +0 trident
 t - a +0 blowgun
 w - a +1 spear
 y - a +2 vampiric scythe (weapon)
Missiles
 s - 10 poisoned needles
 G - 3 tomahawks (quivered)
 H - 6 javelins
Armour
 g - a +0 ring mail (worn)
 l - a cursed +0 chain mail
 z - a +1 pair of boots (worn)
 A - a +0 cloak (worn)
Jewellery
 e - a ring of protection from cold (left hand)
 f - an amulet of regeneration (around neck)
 q - a ring of magical power (right hand)
Wands
 I - a wand of paralysis (13)
Scrolls
 i - 2 scrolls of remove curse
 n - 8 scrolls of teleportation {unknown}
 o - 4 scrolls of fog {unknown}
 p - 2 scrolls of noise {unknown}
 x - 3 scrolls of enchant weapon {unknown}
 C - a scroll of blinking {unknown}
 F - a scroll of fear {unknown}
Potions
 b - a potion of lignification {!q}
 d - a potion of cancellation
 h - 3 potions of heal wounds
 j - a potion of agility
 k - a potion of flight
 m - 2 potions of haste
 r - 3 potions of curing {unknown}
 u - 2 potions of magic {unknown}
 v - 2 potions of brilliance {unknown}
 B - a potion of ambrosia {unknown}
 D - a potion of mutation {!q}
Comestibles
 c - 12 rations
 E - a chunk of flesh


   Skills:
 - Level 3.2(2.0) Fighting
 * Level 15.4(13.7) Polearms
 - Level 0.6(0.0) Armour
 - Level 2.6(1.4) Dodging
 + Level 9.0(7.5) Invocations


You had 9 spell levels left.
You didn't know any spells.
Your spell library contained the following spells:

 Spells                   Type           Power        Failure   Level  Hunger
 Beastly Appendage        Tmut           #.....       56%         1    ##.....
 Sticks to Snakes         Tmut           #.......     71%         2    ###....
 Spider Form              Tmut/Pois      #.........   90%         3    ####...
 Ice Form                 Ice/Tmut       #.......     100%        4    #####..
 Blade Hands              Tmut           #.........   100%        5    ######.


Dungeon Overview and Level Annotations

Branches:
Dungeon (8/15)             Temple (0/1) D:4
   Lair: D:8-11

Altars:
Kikubaaqudgha
Qazlal
Ru
Sif Muna
Uskayaw
Vehumet
Wu Jian
Xom

Shops:
D:6 (


Message History

You hit the two-headed ogre.
The two-headed ogre is heavily wounded.
The two-headed ogre hits you with a giant club!
The two-headed ogre closely misses you.
You slash the two-headed ogre!
The two-headed ogre is severely wounded.
The two-headed ogre closely misses you.
The two-headed ogre hits you with a giant club.
You hit the two-headed ogre.
You feel better.
The two-headed ogre is severely wounded.
The two-headed ogre hits you with a giant club!!
* * * LOW HITPOINT WARNING * * *
The two-headed ogre misses you.
You are too injured to fight recklessly!
You slash the two-headed ogre!
The two-headed ogre is almost dead.
The two-headed ogre closely misses you.
The two-headed ogre hits you but does no damage.
The two-headed ogre hits you with a giant club!!
You die...

..... ..... .....
####. #.
########### #.
#.........# ##
###.####.#####.#
### .... #@# #.#
#.. # #... #O# #.#
##. .. #... #h#
#.# #. #.#... #.#
#.# #. ....h #a#
#.# #.
#####..###.#####.#
##
.......a...#.....#
####.#.#####.#####
#. #.#


You could see a two-headed ogre, a hound and a worker ant.

Vanquished Creatures
  Prince Ribbit (D:6)
  Sigmund (D:4)
  Edmund (D:5)
  Duvessa (D:4)
  2 ice beasts
  2 orc warriors (D:6)
  3 ogres
  2 centaurs
  2 bullfrogs (D:8)
  Dowan (D:4)
  2 scorpions
  5 killer bees (D:7)
  A howler monkey (D:4)
  A bullfrog zombie (D:5)
  A centaur zombie (D:7)
  6 crimson imps
  2 hounds
  2 orc priests
  Crazy Yiuf (D:4)
  2 bullfrog skeletons
  A centaur skeleton (D:6)
  Terence (D:3)
  An iguana (D:2)
  11 orc wizards
  10 worker ants
  A killer bee zombie (D:6)
  2 hound zombies (D:5)
  A worker ant zombie (D:6)
  4 gnolls (D:6)
  18 adders
  An ooze (D:4)
  3 dart slugs
  3 leopard geckos
  33 orcs
  10 bats
  10 giant cockroaches
  5 hobgoblins
  16 jackals
  10 kobolds
  6 quokkas
  8 ball pythons
  A ball python skeleton (D:4)
  5 frilled lizards
  3 goblins
  A leopard gecko skeleton (D:7)
  A leopard gecko zombie (D:6)
  8 rats
  5 plants (Sewer)
218 creatures vanquished.

Notes
Turn   | Place    | Note
-------+----------+-------------------------------------------
     0 | Abyss:1  | mopl the Merfolk Abyssal Knight began the quest for the
                  | Orb.
     0 | Abyss:1  | Reached XP level 1. HP: 18/18 MP: 2/2
   112 | Abyss:2  | Noticed a bone dragon
   118 | Abyss:2  | Noticed a small abomination
   122 | D:1      | Escaped the Abyss
   325 | D:1      | Reached XP level 2. HP: 24/24 MP: 3/3
   404 | D:1      | Reached skill level 4 in Polearms
   508 | D:1      | Reached * piety under Lugonu
   829 | D:2      | Reached XP level 3. HP: 25/29 MP: 3/5
   899 | D:2      | Reached skill level 5 in Polearms
   933 | D:2      | Reached skill level 3 in Invocations
   933 | D:2      | Reached XP level 4. HP: 17/35 MP: 6/6
  1389 | D:2      | Reached skill level 6 in Polearms
  1436 | D:2      | Reached XP level 5. HP: 6/41 MP: 7/7
  1725 | D:2      | Found a sacrificial altar of Ru.
  2282 | D:3      | Found a glowing drain.
  2287 | Sewer    | Entered a sewer
  2387 | Sewer    | Reached ** piety under Lugonu
  2410 | Sewer    | Reached skill level 7 in Polearms
  3123 | D:3      | Reached XP level 6. HP: 30/47 MP: 8/8
  3291 | D:3      | Reached skill level 4 in Invocations
  3432 | D:3      | Noticed Terence
  3453 | D:3      | Killed Terence
  3533 | D:4      | Reached skill level 8 in Polearms
  3573 | D:4      | Noticed Sigmund
  3600 | D:4      | Killed Sigmund
  3600 | D:4      | Reached skill level 9 in Polearms
  3600 | D:4      | Reached skill level 5 in Invocations
  3600 | D:4      | Reached XP level 7. HP: 49/52 MP: 10/10
  3631 | D:4      | Found a runed door.
  3660 | D:4      | Found a staircase to the Ecumenical Temple.
  3698 | D:4      | Reached *** piety under Lugonu
  4093 | D:4      | Found a deep blue altar of Sif Muna.
  4140 | D:4      | Noticed Duvessa
  4140 | D:4      | Noticed Dowan
  4159 | D:4      | Killed Duvessa
  4159 | D:4      | Reached skill level 10 in Polearms
  4163 | D:4      | Killed Dowan
  4238 | D:4      | Reached XP level 8. HP: 58/58 MP: 12/12
  4749 | D:4      | Noticed Crazy Yiuf
  4755 | D:4      | Killed Crazy Yiuf
  4811 | D:5      | Entered Level 5 of the Dungeon
  4877 | D:5      | Reached skill level 6 in Invocations
  4879 | D:5      | Reached skill level 11 in Polearms
  5106 | D:5      | Reached skill level 12 in Polearms
  5268 | D:5      | Found a shimmering altar of Xom.
  5370 | D:5      | Noticed Edmund
  5379 | D:5      | Killed Edmund
  5379 | D:5      | Reached skill level 7 in Invocations
  5554 | D:6      | Reached XP level 9. HP: 26/64 MP: 14/14
  5659 | D:6      | Reached **** piety under Lugonu
  5679 | D:6      | Found a radiant altar of Vehumet.
  5698 | D:6      | Noticed Prince Ribbit
  5720 | D:6      | Reached skill level 13 in Polearms
  5788 | D:6      | Killed Prince Ribbit
  5974 | D:6      | Reached skill level 14 in Polearms
  5974 | D:6      | Reached skill level 8 in Invocations
  6137 | D:6      | Found an ornate altar of the Wu Jian Council.
  6407 | D:6      | Found Ithiw's Antique Weapon Shop.
  6900 | D:7      | HP: 4/96 [poisoned by a killer bee]
  7265 | D:7      | Reached ***** piety under Lugonu
  7265 | D:7      | Reached skill level 15 in Polearms
  7493 | D:7      | Found a stormy altar of Qazlal.
  7493 | D:7      | Found a shimmering altar of Xom.
  7496 | D:7      | Found an ancient bone altar of Kikubaaqudgha.
  7497 | D:7      | Found a hide-covered altar of Uskayaw.
  7704 | D:7      | Reached XP level 10. HP: 70/70 MP: 16/16
  7824 | D:8      | Reached skill level 9 in Invocations
  7886 | D:8      | Noticed a two-headed ogre
  7899 | D:8      | Slain by a two-headed ogre

Vault maps used:
D:1:      lemuel_arrival_rhombus, st_stairs_11, minmay_hexomino_u4
D:2:      lemuel_coloured_pillars_altar
D:3:      first_ration, portal_sewer_entry_e, uniq_terence
D:4:      lemuel_round_altar, minmay_temple_entry_overgrown,
          uniq_crazy_yiuf_cottage, uniq_sigmund, uniq_duvessa
D:5:      led_xom_imps, uniq_edmund
D:6:      vehumet_crystals, marbit_many_paths, serial_shops, kennysheep_mini,
          uniq_prince_ribbit1
D:7:      minitemple
D:8:      uniq_gastronok
Sewer:    sewer_co_scattered_pipes

Skill      XL: |  1  2  3  4  5  6  7  8  9 10 |
---------------+-------------------------------+-----
Polearms       | 4 5 6 7 9 10 12 15 | 15.4
Invocations    | 3 5 7 8 9 |  9.0
Fighting       | |  3.2
Armour         | |  0.6
Dodging        | |  2.6

Action                   |  1- 3 |  4- 6 |  7- 9 | 10-12 || total
-------------------------+-------+-------+-------+-------++-------
Melee: Spear             |   118 |   511 |       |       ||   629
       Tailslap          |       |     8 |       |       ||     8
       Trident           |       |    50 |   108 |       ||   158
       Scythe            |       |       |   369 |    12 ||   381
Invok: Depart the Abyss  |     1 |       |       |       ||     1
  Use: Scroll            |       |     5 |     6 |       ||    11
       Potion            |       |       |     3 |       ||     3
  Eat: Chunk             |       |     9 |    12 |     1 ||    22
       Ration            |       |       |     2 |       ||     2
Armor: Ring mail         |    41 |    75 |   182 |     2 ||   300
       Skin              |       |       |    14 |       ||    14
Dodge: Dodged            |    59 |   144 |   209 |    11 ||   423

Table legend:
 A = Non-vault XP
 B = Vault XP
 C = Vault XP percentage of total XP
 D = Non-vault monster count
 E = Vault monster count
 F = Vault count percentage of total count
                 A         B        C        D         E       F
            +---------+---------+-------+---------+---------+-------
      Total |    3611 |    1244 |  25.6 |     173 |      40 |  18.8
            +---------+---------+-------+---------+---------+-------
        D:1 |      20 |      12 |  37.5 |      10 |       7 |  41.2
        D:2 |     169 |       0 |   0.0 |      30 |       0 |   0.0
        D:3 |      96 |      38 |  28.4 |      21 |       1 |   4.5
        D:4 |     409 |     489 |  54.5 |      27 |       4 |  12.9
        D:5 |     590 |     352 |  37.4 |      18 |       5 |  21.7
        D:6 |    1422 |     283 |  16.6 |      46 |       1 |   2.1
        D:7 |     721 |       0 |   0.0 |      18 |       0 |   0.0
        D:8 |     184 |       0 |   0.0 |       3 |       0 |   0.0
      Sewer |       0 |      70 | 100.0 |       0 |      22 | 100.0
            +---------+---------+-------+---------+---------+-------
